 Dungeon Crawl Stone Soup version 0.28.0-1-gb440e238dd (webtiles) character file.

Game seed: 12090691930368026510

286324 4FPSwarrior the Unseen (level 19, 91/91 HPs)
             Began as a Felid Summoner on Feb 20, 2022.
             Was a Priest of Elyvilon.
             Quit the game on level 3 of the Vaults on Feb 25, 2022.
             The game lasted 08:22:41 (102831 turns).

4FPSwarrior the Unseen (Felid Summoner)           Turns: 102831, Time: 08:22:42

Health: 91/91      AC:  7    Str:  8    XL:     19   Next: 83%
Magic:  34/34      EV: 27    Int: 19    God:    Elyvilon [***...]
Gold:   1961       SH:  0    Dex: 15    Spells: 4/38 levels left
                                        Lives:  0   Deaths: 3

rFire   . . .      SeeInvis +     - Unarmed
rCold   + . .      Faith    .   (shield unavailable)
rNeg    . . .      Spirit   .   (armour unavailable)
rPois   .          Reflect  .   (helmet unavailable)
rElec   +          Harm     .   (cloak unavailable)
rCorr   .          Rampage  .   (gloves unavailable)
Will    +++..                   (boots unavailable)
Stlth   +++++++...              Q - amulet "Ojoxtela" {rElec Regen+ Dex-4 SInv}
HPRegen 1.05/turn               z - +4 ring of protection
MPRegen 0.24/turn               P - ring of willpower

@: quick
A: very small, claws 1, fangs 3, see invisible, speed 1, shaggy fur 3, stealthy
paws, no weapons or thrown items, no armour, multi-lived
}: 2/15 runes: decaying, serpentine
a: Renounce Religion, Purification, Heal Other, Heal Self


You were on level 3 of the Vaults.
You worshipped Elyvilon.
Elyvilon was most pleased with you.
You visited 8 branches of the dungeon, and saw 38 of its levels.
You also visited: Sewer and Ice Cave.

You collected 4468 gold pieces.
You spent 2507 gold pieces at shops.

Inventory:

Jewellery
 j - a ring of protection from fire
 p - a +4 ring of slaying
 q - a ring of willpower
 t - a ring of magical power
 u - a ring of resist corrosion
 x - a ring of protection from cold
 z - a +4 ring of protection (left paw)
 D - a ring of protection from fire
 K - an amulet of reflection
 L - a ring of flight
 P - a ring of willpower (right paw)
 Q - the amulet "Ojoxtela" (around neck) {rElec Regen+ Dex-4 SInv}
   (You found it on level 10 of the Dungeon)

   [amulet of regeneration]

   Dex:       It affects your dexterity (-4).
   rElec:     It insulates you from electricity.
   SInv:      It lets you see invisible.
   Regen:     It increases your rate of health regeneration.
 R - the ring "Vodosodo" {rElec rPois Will- Dex+4 SInv}
   (You found it on level 10 of the Dungeon)

   [ring of poison resistance]

   Dex:       It affects your dexterity (+4).
   rElec:     It insulates you from electricity.
   rPois:     It protects you from poison.
   SInv:      It lets you see invisible.
   Will:      It decreases your willpower.
Wands
 b - a wand of polymorph (8)
 m - a wand of digging (11)
 y - a wand of acid (5)
 B - a wand of iceblast (16)
 H - a wand of paralysis (11)
 I - a wand of flame (66)
 N - a wand of charming (1)
Scrolls
 g - 4 scrolls of amnesia
 k - 10 scrolls of fear
 w - 2 scrolls of blinking
 C - a scroll of magic mapping
 E - a scroll of fog
 G - 3 scrolls of immolation
Potions
 a - 10 potions of mutation
 c - 4 potions of lignification
 d - 7 potions of attraction
 f - 2 potions of cancellation
 h - 6 potions of might
 i - 2 potions of flight
 l - 7 potions of brilliance
 r - 3 potions of haste
 s - 3 potions of curing
 v - a potion of resistance
Miscellaneous
 e - a phial of floods
 A - a box of beasts (inert)
 F - a lightning rod (4/4)


   Skills:
 + Level 14.1 Fighting
 + Level 16.5 Dodging
 + Level 17.8 Stealth
 - Level 10.7 Unarmed Combat
 + Level 10.4 Spellcasting
 - Level 7.0 Conjurations
 - Level 15.0 Hexes
 - Level 16.1 Summonings
 - Level 10.7 Translocations
 * Level 12.0 Transmutations
 - Level 5.0 Ice Magic
 - Level 4.0 Air Magic
 * Level 6.7 Earth Magic
 + Level 13.6 Invocations
 - Level 6.1 Evocations


You had 4 spell levels left.
You knew the following spells:

 Your Spells              Type           Power      Damage    Failure   Level
a - Call Canine Familiar  Summ           63%        N/A       1%          3
b - Dazzling Flash        Conj/Hex       100%       N/A       1%          3
c - Summon Guardian Gole  Hex/Summ       62%        N/A       1%          3
d - Summon Lightning Spi  Summ/Air       48%        N/A       1%          4
e - Teleport Other        Tloc           50%        N/A       1%          3
f - Iskenderun's Mystic   Conj/Tloc      43%        2d10      1%          4
g - Summon Ice Beast      Ice/Summ       50%        N/A       1%          4
h - Summon Cactus Giant   Summ           31%        N/A       1%          6
i - Ice Form              Ice/Tmut       42%        N/A       2%          4

Your spell library contained the following spells:

 Spells                   Type           Power      Damage    Failure   Level
 Summon Small Mammal      Summ           100%       N/A       0%          1
 Call Imp                 Summ           63%        N/A       0%          2
 Foxfire                  Conj/Fire      92%        2x1d8     1%          1
 Freeze                   Ice            100%       1d11      1%          1
 Magic Dart               Conj           100%       1d8       1%          1
 Ensorcelled Hibernation  Hex/Ice        94%        N/A       1%          2
 Passwall                 Tmut/Erth      37%        N/A       1%          2
 Wereblood                Tmut           54%        N/A       1%          2
 Gell's Gravitas          Tloc           50%        N/A       1%          3
 Inner Flame              Hex/Fire       38%        N/A       1%          3
 Spider Form              Tmut/Pois      32%        N/A       1%          3
 Leda's Liquefaction      Hex/Erth       25%        N/A       1%          4
 Petrify                  Tmut/Erth      45%        N/A       1%          4
 Frozen Ramparts          Ice            56%        1d7       2%          3
 Ozocubu's Armour         Ice            28%        N/A       2%          3
 Anguish                  Hex/Necr       19%        N/A       3%          4
 Conjure Flame            Conj/Fire      23%        6-21      4%          3
 Ignite Poison            Fire/Tmut/Pois 25%        N/A       4%          3
 Mephitic Cloud           Conj/Pois/Air  23%        N/A       4%          3
 Hailstorm                Conj/Ice       32%        3d8       6%          4
 Animate Skeleton         Necr           18%        N/A       7%          1
 Pain                     Necr           36%        1d5       7%          1
 Scorch                   Fire           18%        2d5       11%         2
 Sublimation of Blood     Necr           9%         N/A       11%         2
 Flame Wave               Conj/Fire      23%        2d7       17%         4
 Vampiric Draining        Necr           9%         2d6       22%         3
 Metabolic Englaciation   Hex/Ice        23%        N/A       3%          5
 Irradiate                Conj/Tmut      23%        3d21      4%          5
 Silence                  Hex/Air        23%        N/A       4%          5
 Summon Hydra             Summ           31%        N/A       8%          7
 Iskenderun's Battlesphe  Conj           36%        2d9       11%         5
 Lee's Rapid Deconstruct  Erth           17%        3d12*     12%         5
 Dispersal                Tloc           25%        N/A       13%         6
 Alistair's Intoxication  Tmut/Pois      21%        N/A       17%         5
 Freezing Cloud           Conj/Ice/Air   15%        6-21      22%         5
 Statue Form              Tmut/Erth      30%        N/A       22%         6
 Malign Gateway           Summ/Tloc      28%        N/A       24%         7
 Dragon Form              Tmut           27%        N/A       38%         7
 Spellforged Servitor     Conj/Summ      26%        N/A       45%         7
 Summon Horrible Things   Summ           31%        N/A       52%         8
 Iron Shot                Conj/Erth      18%        9d4       54%         6
 Eringya's Noxious Bog    Tmut/Pois      16%        N/A       67%         6
 Agony                    Necr           9%         N/A       89%         5
 Storm Form               Tmut/Air       20%        N/A       92%         7
 Starburst                Conj/Fire      11%        6d5       95%         6
 Simulacrum               Ice/Necr       9%         N/A       98%         6
 Ozocubu's Refrigeration  Ice            14%        4d7       100%        7
 Lehudib's Crystal Spear  Conj/Erth      18%        10d5      100%        8
 Excruciating Wounds      Necr           Unusable   N/A       N/A         5

Dungeon Overview and Level Annotations

Branches:
Dungeon (15/15)            Temple (1/1) D:4            Lair (6/6) D:9
  Swamp (4/4) Lair:4        Snake (4/4) Lair:4        Slime (0/5) Lair:5
    Orc (2/2) D:11            Elf (3/3) Orc:2        Vaults (3/5) D:14
  Crypt (0/3) Vaults:3     Depths (0/4) D:15          Sewer (visited)
  IceCv (visited)

Altars:
Ashenzari
Cheibriados
Dithmenos
Elyvilon
Fedhas
Gozag
Hepliaklqana
Kikubaaqudgha
Makhleb
Nemelex Xobeh
Okawaru
Qazlal
Ru
Sif Muna
Trog
Uskayaw
Vehumet
Wu Jian
Xom
Yredelemnul
Zin
The Shining One
Beogh

Shops:
D:5 (   D:7 ?   D:10 (   D:13 **   Orc:2 ?!::   Elf:2 ?   Snake:1 (   Snake:2 ?
Snake:3 =([   Snake:4 [(

Portals:
Hell: Lair:6

Annotations:
D:2 1 runed translucent door, Crazy Yiuf
D:14 1 exclusion
D:15 exclusion: door
Lair:1 2 exclusions
Swamp:2 2 transporters, Vudadgh's ghost, adept HuWr
Swamp:4 1 exclusion
Snake:2 2 transporters, MacCMillion's ghost, journeyman MiFi
Elf:2 3 runed translucent doors, exclusion: 3 doors, Agnes
Elf:3 1 exclusion


Innate Abilities, Weirdness & Mutations

You have sharp claws.
You have razor-sharp teeth.
You have supernaturally acute eyesight. (SInv)
You cover ground quickly. (Speed+)
Your thick and shaggy fur keeps you warm. (AC +3, rC+)
Your paws help you pounce on unaware monsters.
You are incapable of wielding weapons or throwing items.
You cannot wear armour.
You gain extra lives every three experience levels.


Message History

Your warg barely misses the cyan ugly thing.
Your warg bites the cyan ugly thing!
The cyan ugly thing dies!
You start resting.
HP restored.
You swap places.
You start resting.
Magic restored.
Things that are here:
5 bolts; a +0 arbalest You see here a +0 ring mail.
You see here 26 stones.
There is an open door here.
There is an open door here.
There is a stone staircase leading down here.
You climb downwards.
Your summoned ally is left behind.
The vault warden misses you.
The orc priest looks encouraged for a moment.
The vault warden activates a sealing rune.
The doors slam shut!
The slime creature quivers.
The yaktaur shouts!
There is a sealed passage leading up, summoned here.
You open the lid... ...and a juvenile firebat beast flies out!
The box is emptied!
The yaktaur wields a +0 arbalest.
The yaktaur shoots a bolt.
The bolt hits you!!
The vault warden hits you with a +2 dire flail of protection!!!
The yaktaur shoots a bolt.
The bolt closely misses you.
As you read the scroll of teleportation, it crumbles to dust.
You feel strangely unstable.
The vault warden hits you with a +2 dire flail of protection!!!
* * * LOW HITPOINT WARNING * * *
The wraith closely misses you.
The yaktaur shoots a bolt.
The bolt hits your juvenile firebat beast!!
The yaktaur shoots a bolt.
The bolt hits you!
You die...
You are now level 19!
You rejoin the land of the living...
Are you sure you want to abandon this character and quit the game? (Confirm with "yes".)

##### #..)) ########...)
#......'..##
###############......#..#
#........@....#......#..#
#.............#......#..##
#.............#......#..'.
#.............'......#..'.
#.............#)....(#####
#....<........#......#
#.............#......#
####
#.............#......#####
...#
#.............#......##...


There were no monsters in sight!

Vanquished Creatures
  Nikola (Swamp:3)
  A sphinx (shapeshifter) (D:10)
  Roxanne (Swamp:4)
  A nagaraja (Snake:2)
  An orc warlord (Vaults:2)
  An ironbound preserver (Vaults:1)
  2 war gargoyles (Vaults:2)
  2 very ugly things (Vaults:1)
  6 dire elephants
  A deep elf annihilator (Elf:2)
  4 eleionomae
  A crystal guardian (Vaults:2)
  5 yaktaur captains
  Erolcha (D:13)
  A ghost crab (Swamp:4)
  A salamander tyrant (Snake:2)
  2 boulder beetles
  6 centaur warriors
  An ironbound frostheart (Vaults:1)
  A dancing weapon (Elf:1)
  5 anacondas
  4 death yaks
  4 shock serpents
  8 deep elf knights
  6 naga sharpshooters
  5 spriggans
  A fire crab (Lair:2)
  2 salamander mystics
  3 deep trolls
  2 skeletal warriors
  A naga ritualist (Snake:4)
  5 wizards
  2 bog bodies
  A spriggan druid (Swamp:2)
  2 harpies (Vaults:2)
  6 orc knights
  A necromancer (Vaults:3)
  5 deep elf archers
  4 lindwurms
  15 deep elf zephyrmancers
  13 deep elf pyromancers
  6 ironbound convokers
  A wolf spider (D:14)
  4 mana vipers
  An ugly thing (Vaults:1)
  A cyclops (D:14)
  7 orc sorcerers
  2 will-o-the-wisps
  5 salamanders
  17 black mambas
  6 elephants
  2 guardian serpents
  5 naga magi
  2 vault sentinels
  14 cane toads
  A swamp worm zombie (Swamp:4)
  An unseen horror (D:12)
  3 rime drakes
  16 yaktaurs
  3 kobold demonologists
  2 komodo dragons
  An ice devil (Lair:6)
  A hydra zombie (Swamp:4)
  2 bloated husks (Swamp:4)
  A tyrant leech (Swamp:3)
  5 hornets
  16 blink frogs
  9 slime creatures
  2 dream sheep (Lair:2)
  An alligator zombie (Swamp:4)
  2 wraiths
  4 wyverns
  A human (shapeshifter) (D:13)
  9 yaks
  A vampire (D:12)
  A human (D:10)
  4 vampire mosquitoes
  5 basilisks
  A warg (Orc:1)
  The ghost of stansietse the Insei, an amateur OpTm of Qazlal (D:4)
  4 swamp worms
  12 nagas
  10 water moccasins
  A swamp dragon zombie (Swamp:4)
  A black bear (Lair:2)
  A sky beast (D:7)
  6 orc warriors
  3 swamp drakes (Lair:4)
  3 wolves
  2 ogres
  A necrophage (Swamp:3)
  7 centaurs
  2 phantoms
  4 nameless horrors
  16 bullfrogs
  2 earth elementals
  2 killer bees
  2 howler monkeys (D:6)
  8 electric eels
  A centaur zombie (D:9)
  A lava snake (Snake:4)
  A jelly (Lair:5)
  7 orc priests
  A bullfrog skeleton (D:6)
  2 hounds
  An iguana (D:6)
  8 orc wizards
  4 hell rats
  3 howler monkey zombies
  4 gnolls
  2 adders (D:3)
  A shadow imp (D:7)
  A white imp (D:5)
  2 ufetubi
  A worm (D:3)
  26 orcs
  6 endoplasms
  A giant cockroach (D:4)
  2 goblins
  4 hobgoblins
  2 ball pythons (D:2)
  2 bats
  8 kobolds
  6 rats
485 creatures vanquished.

Vanquished Creatures (collateral kills)
  Mara (Vaults:2)
  Vashnia (Snake:4)
  A tentacled monstrosity (Swamp:2)
  2 sphinxes (Elf:3)
  Gastronok (D:8)
  Kirke (D:15)
  A nagaraja (Snake:4)
  3 vault wardens
  An orc warlord (Vaults:1)
  3 deep elf sorcerers
  4 ironbound preservers
  6 ghouls
  7 very ugly things
  A deep elf elementalist (Elf:2)
  3 war gargoyles
  An entropy weaver (Vaults:2)
  An eleionoma (shapeshifter) (D:10)
  An eleionoma (Swamp:2)
  2 bunyips
  4 dire elephants
  2 deep elf death magi (Elf:1)
  3 crystal guardians (Vaults:2)
  An ettin (shapeshifter) (Elf:1)
  A fire dragon (D:14)
  A yaktaur captain (Vaults:2)
  A salamander tyrant (Snake:4)
  7 hydras
  A boulder beetle (D:13)
  15 naga warriors
  3 vault guards
  An ogre mage (D:14)
  A ghost crab (Swamp:4)
  5 two-headed ogres
  10 centaur warriors
  4 ironbound frosthearts
  4 peacekeepers
  A satyr (shapeshifter) (D:10)
  14 anacondas
  A death knight (D:14)
  3 death yaks
  2 alligators (Swamp:2)
  Urug (D:10)
  A spriggan berserker (Swamp:2)
  8 naga sharpshooters
  18 dancing weapons
  6 orc high priests
  6 deep elf knights
  A sun demon (Lair:6)
  2 death drakes
  5 salamander mystics
  15 deep trolls
  2 spectral hydras (Swamp:4)
  3 spriggan druids
  6 sea snakes
  2 goliath frogs (Swamp:2)
  3 swamp dragons
  8 deep elf archers
  3 wizards
  A flayed ghost (D:14)
  6 bog bodies
  An ironbound convoker (Vaults:2)
  2 lindwurms
  7 naga ritualists
  11 mana vipers
  13 deep elf pyromancers
  3 phantasmal warriors
  6 orc knights
  16 deep elf zephyrmancers
  3 harpies (Vaults:2)
  2 necromancers
  A will-o-the-wisp (Swamp:3)
  12 salamanders
  2 orc sorcerers (Orc:2)
  2 stone giant zombies (D:15)
  2 cyclopes (D:14)
  18 ugly things
  6 elephants (Lair:5)
  3 guardian serpents
  18 black mambas
  9 vault sentinels
  2 orange demons (Lair:6)
  9 naga magi
  4 cane toads
  Psyche (D:9)
  12 yaktaurs
  4 swamp worm zombies (Swamp:4)
  A hellwing (Lair:6)
  A kobold demonologist (D:13)
  An efreet (D:13)
  A rime drake (Lair:3)
  A tengu conjurer (D:15)
  A guardian mummy (D:15)
  4 trolls
  2 polar bears
  4 meliai
  2 red devils (Lair:6)
  4 hydra zombies (Swamp:4)
  11 blink frogs
  6 tyrant leeches
  3 hornets
  3 dream sheep (Lair:2)
  6 slime creatures
  A spectral swamp dragon (Swamp:4)
  Sigmund (D:3)
  A jumping spider (Vaults:2)
  A vampire (D:8)
  A wraith (D:13)
  4 water elementals
  5 spriggans
  5 yaks
  A steam dragon (Lair:2)
  5 vampire mosquitoes
  2 humans (D:10)
  A redback (Vaults:2)
  A human zombie (D:15)
  9 swamp worms
  9 water moccasins
  4 hell hounds (Lair:6)
  23 nagas
  An acid dragon (D:8)
  7 orc warriors
  A black bear (D:3)
  2 swamp drakes
  A sky beast (D:5)
  A swamp dragon zombie (Swamp:4)
  A necrophage (Swamp:3)
  7 ogres
  A boggart (Vaults:2)
  2 centaurs
  5 wolves
  2 nameless horrors
  A phantom (Swamp:4)
  3 bullfrogs
  A kobold brigand (D:13)
  A gnoll sergeant (Orc:2)
  An earth elemental (Elf:2)
  2 scorpions
  A tengu zombie (D:15)
  A water moccasin skeleton (D:4)
  A wight (D:8)
  10 orc priests
  2 centaur skeletons
  A hound (D:7)
  A bullfrog skeleton (D:4)
  6 orc wizards
  A spectral swamp drake (Swamp:4)
  2 iguanas
  3 hell rats
  Terence (D:2)
  A gnoll (Orc:2)
  3 swamp drake zombies (Swamp:4)
  3 adders
  2 shadow imps
  A worm (D:3)
  18 orcs
  4 ball pythons
  4 endoplasms
  5 giant cockroaches
  8 goblins
  3 hobgoblins (D:1)
  3 quokkas
  A bat (D:3)
  5 frilled lizards
  6 kobolds
  3 rats
657 creatures vanquished.

Vanquished Creatures (others)
  A sphinx (Vaults:1)
  Donald (Snake:1)
  2 vault wardens
  A stone giant (D:10)
  An ironbound preserver (Vaults:2)
  A deep elf annihilator (D:10)
  A deep elf demonologist (Elf:3)
  A bunyip (Swamp:2)
  6 dire elephants
  An eleionoma (Swamp:4)
  A deep elf death mage (Elf:3)
  A vault guard (Vaults:1)
  2 naga warriors
  Fannar (Lair:2)
  A peacekeeper (Vaults:2)
  9 hydras
  2 ironbound frosthearts (Vaults:1)
  2 centaur warriors (Vaults:2)
  An ogre mage (D:15)
  2 boulder beetles
  A death knight (D:15)
  5 two-headed ogres
  An alligator (Swamp:2)
  2 anacondas
  5 death yaks
  3 deep elf knights
  2 naga sharpshooters
  2 goliath frogs (Swamp:1)
  A sea snake (Snake:2)
  2 deep trolls
  A spectral hydra (Swamp:4)
  A wizard (Vaults:1)
  A naga ritualist (Snake:1)
  2 deep elf archers (Elf:2)
  2 phantasmal warriors (Swamp:4)
  9 orc knights
  A deep elf pyromancer (Elf:3)
  A deep elf zephyrmancer (Elf:2)
  A harpy (D:10)
  3 ugly things
  A slime creature (Vaults:1)
  A salamander (Snake:4)
  3 elephants (Lair:5)
  A vault sentinel (Vaults:1)
  6 black mambas
  A torpor snail (Lair:2)
  3 cane toads
  6 komodo dragons
  A yaktaur (Vaults:1)
  A freezing wraith (D:14)
  2 rime drakes
  5 trolls
  2 meliai
  2 bloated husks (Swamp:4)
  2 polar bears
  2 dream sheep (Lair:2)
  A tyrant leech (Swamp:2)
  A hornet (Lair:5)
  5 blink frogs
  2 humans (D:10)
  A spriggan (Swamp:2)
  A wyvern (Lair:1)
  7 yaks
  An air elemental (Elf:2)
  A basilisk (Lair:1)
  A steam dragon (D:8)
  4 vampire mosquitoes
  A naga (Snake:4)
  A warg (Orc:2)
  6 water moccasins
  An ice beast (D:6)
  7 orc warriors
  A necrophage (Swamp:2)
  3 wolves
  A centaur (D:8)
  3 phantoms (Swamp:4)
  2 kobold brigands
  A nameless horror (Vaults:3)
  A gnoll sergeant (D:7)
  2 bullfrogs
  A scorpion (D:7)
  4 killer bees (D:8)
  4 wights (D:8)
  An electric eel (D:7)
  A howler monkey (D:8)
  A centaur zombie (D:8)
  A hound (D:6)
  2 jellies
  2 orc wizards
  A gnoll (D:7)
  8 orcs
  A kobold (D:6)
  A bush (Lair:4)
  13 foxfires
  54 fungi
  127 plants
  11 withered plants (D:15)
411 creatures vanquished.

Grand Total: 1553 creatures vanquished

Notes
Turn   | Place    | Note
-------+----------+-------------------------------------------
     0 | D:1      | 4FPSwarrior the Felid Summoner began the quest for the Orb.
     0 | D:1      | Reached XP level 1. HP: 7/7 MP: 4/4
   377 | D:1      | Reached XP level 2. HP: 12/12 MP: 0/6
  1176 | D:2      | Reached skill level 1 in Unarmed Combat
  1304 | D:1      | Learned a level 2 spell: Call Imp
  1384 | D:2      | Reached skill level 1 in Fighting
  1559 | D:2      | Noticed Sigmund
  1563 | D:2      | Noticed Terence
  1646 | D:2      | Killed Terence
  1647 | D:2      | Reached XP level 3. HP: 9/15 MP: 0/7
  1874 | D:2      | Found a faded altar of an unknown god.
  2003 | D:2      | Found a runed translucent door.
  2004 | D:2      | Noticed Crazy Yiuf
  2198 | D:2      | Noticed a phantom
  2845 | D:3      | Noticed a black bear
  2851 | D:3      | Learned a level 3 spell: Summon Guardian Golem
  2940 | D:2      | Reached XP level 4. HP: 18/19 MP: 4/8
  3240 | D:3      | Noticed a bullfrog
  3740 | D:3      | Killed a black bear
  3741 | D:3      | Reached skill level 1 in Hexes
  3741 | D:3      | Reached skill level 5 in Summonings
  3741 | D:3      | Reached XP level 5. HP: 15/22 MP: 0/10
  4038 | D:3      | Killed Sigmund
  4039 | D:3      | Gained mutation: You are covered in thick fur. (AC +2)
                  | [Felid growth]
  4039 | D:3      | Reached XP level 6. HP: 19/27 MP: 1/11
  4560 | D:4      | Learned a level 3 spell: Call Canine Familiar
  4762 | D:4      | Found a glowing drain.
  4794 | Sewer    | Entered a sewer
  5134 | D:4      | Found a staircase to the Ecumenical Temple.
  5143 | Temple   | Entered the Ecumenical Temple
  5512 | Temple   | Became a worshipper of Elyvilon the Healer
  5590 | D:4      | Found a large runed translucent door.
  5590 | D:4      | Found a large runed translucent door.
  5592 | D:4      | Noticed stansietse's ghost (amateur OpTm)
  5995 | D:4      | Reached XP level 7. HP: 25/30 MP: 9/13
  6276 | D:5      | Entered Level 5 of the Dungeon
  6286 | D:5      | Reached skill level 3 in Stealth
  6652 | D:5      | Reached * piety under Elyvilon
  6721 | D:5      | Reached skill level 1 in Evocations
  7071 | D:5      | Found Zecin's Weapon Emporium.
  7590 | D:6      | Reached XP level 8. HP: 34/34 MP: 14/14
  7591 | D:6      | Reached skill level 4 in Stealth
  7645 | D:6      | Reached ** piety under Elyvilon
  8033 | D:6      | Reached skill level 5 in Hexes
  8252 | D:6      | Found a hazy altar of Hepliaklqana.
  8892 | D:7      | Reached skill level 5 in Stealth
  8919 | D:7      | Reached *** piety under Elyvilon
  8970 | D:7      | Reached skill level 5 in Dodging
  9607 | D:7      | Found Emialig's Magic Scroll Shoppe.
  9614 | D:7      | Bought a scroll of summoning for 142 gold pieces
  9614 | D:7      | Bought a scroll of identify for 30 gold pieces
  9614 | D:7      | Bought a scroll of identify for 30 gold pieces
  9836 | D:7      | Elyvilon protects you from harm!
  9853 | D:7      | Reached skill level 1 in Invocations
  9853 | D:7      | Reached XP level 9. HP: 15/39 MP: 11/15
  9858 | D:7      | Learned a level 4 spell: Summon Lightning Spire
 10648 | D:8      | Reached **** piety under Elyvilon
 10843 | D:8      | Reached skill level 1 in Air Magic
 10872 | D:8      | Reached skill level 6 in Stealth
 11150 | D:8      | Noticed Gastronok
 11908 | D:9      | Found a staircase to the Lair.
 11930 | D:9      | Noticed a troll
 11978 | D:9      | Reached skill level 5 in Fighting
 12226 | D:9      | Killed a troll
 12808 | D:9      | Noticed Psyche
 12835 | D:9      | Killed Psyche
 12836 | D:9      | Reached XP level 10. HP: 41/44 MP: 7/16
 13412 | D:10     | Entered Level 10 of the Dungeon
 13433 | D:10     | Reached ***** piety under Elyvilon
 13632 | D:10     | Noticed a shining eye
 13632 | D:10     | Noticed a deep elf zephyrmancer
 13632 | D:10     | Noticed a yaktaur captain
 13633 | D:10     | Found a runed translucent door.
 13635 | D:10     | Noticed a stone giant
 13635 | D:10     | Noticed a deep troll
 13635 | D:10     | Identified the +8 war axe of Xoep {holy, *Corrode Int+4}
 13635 | D:10     | Noticed a harpy
 13635 | D:10     | Noticed a deep elf annihilator
 13635 | D:10     | Found the +8 lance "Wyrmbane" {slay drac, rPois rF+ rC+
                  | AC+3}
 13635 | D:10     | Noticed a wolf spider
 13635 | D:10     | a merfolk changed into a wolf spider
 13636 | D:10     | Noticed a water nymph
 13636 | D:10     | a deep troll changed into a water nymph
 13638 | D:10     | Noticed a glowing orange brain
 13638 | D:10     | a water nymph changed into a glowing orange brain
 13683 | D:10     | Noticed a two-headed ogre
 13712 | D:10     | Killed a two-headed ogre
 13713 | D:10     | Reached skill level 7 in Stealth
 13935 | D:10     | Noticed Urug
 13948 | D:10     | Killed Urug
 13949 | D:10     | Reached skill level 5 in Invocations
 14368 | D:10     | Noticed a centaur warrior
 15368 | Lair:1   | Entered Level 1 of the Lair of Beasts
 15732 | Lair:1   | Noticed a cane toad
 15771 | Lair:1   | Killed a cane toad
 15815 | Lair:1   | Reached skill level 8 in Stealth
 16080 | Lair:1   | Reached XP level 11. HP: 48/48 MP: 14/17
 16404 | D:9      | HP: 2/48 [blink frog (16)]
 16702 | D:9      | Learned a level 3 spell: Dazzling Flash
 17040 | D:10     | Found Wogg's Weapon Emporium.
 17261 | D:10     | Killed a centaur warrior
 17501 | D:11     | Noticed a boulder beetle
 17647 | D:11     | Found a staircase to the Orcish Mines.
 17694 | D:11     | Killed a boulder beetle
 17695 | D:11     | Reached skill level 1 in Conjurations
 17854 | D:11     | Found the +4 skin of Zhor {*Englaciate rC+++ SInv}
 17856 | D:11     | Noticed a two-headed ogre
 17902 | D:11     | Noticed a brown ugly thing
 17994 | D:11     | Reached skill level 10 in Summonings
 18183 | D:11     | Killed a brown ugly thing
 18431 | D:11     | Killed a two-headed ogre
 18823 | D:12     | Noticed a brown ugly thing
 18848 | D:11     | Killed a brown ugly thing
 19030 | D:12     | Noticed a deep elf pyromancer
 19037 | D:12     | Killed a deep elf pyromancer
 19050 | D:12     | Noticed an eight-headed hydra
 19112 | D:12     | Noticed a boulder beetle
 19162 | D:12     | Killed a boulder beetle
 19574 | D:12     | Reached skill level 9 in Stealth
 19576 | D:12     | Noticed a deep elf zephyrmancer
 19580 | D:12     | Noticed a deep elf zephyrmancer
 19581 | D:12     | Killed a deep elf zephyrmancer
 19588 | D:12     | Killed a deep elf zephyrmancer
 19593 | D:12     | Got Sif Muna's Almanac of Sand
 19600 | D:12     | Got the Catalogue of Dhcmrlchtdj
 20650 | D:12     | Noticed a wizard
 21379 | Lair:1   | Gained mutation: Your thick and shaggy fur keeps you warm.
                  | (AC +3, rC+) [Felid growth]
 21379 | Lair:1   | Reached XP level 12. HP: 53/53 MP: 15/18
 22525 | Lair:2   | Reached ****** piety under Elyvilon
 23428 | Lair:2   | Reached skill level 10 in Hexes
 23487 | Lair:2   | Noticed Fannar
 23805 | Lair:2   | Reached skill level 5 in Unarmed Combat
 24592 | Lair:2   | Reached skill level 10 in Stealth
 24783 | Lair:2   | Noticed a death yak
 24827 | Lair:2   | Killed a death yak
 24870 | Lair:2   | Noticed an anaconda
 24883 | Lair:2   | Elyvilon protects you from harm!
 25284 | Lair:2   | Killed an anaconda
 25926 | Lair:2   | Killed Fannar
 26693 | Lair:2   | Learned a level 4 spell: Summon Ice Beast
 26870 | Lair:3   | Reached XP level 13. HP: 58/58 MP: 14/21
 27550 | Lair:3   | Reached skill level 1 in Ice Magic
 27832 | Lair:3   | Found a hide-covered altar of Uskayaw.
 27903 | Lair:3   | Reached skill level 10 in Dodging
 27907 | Lair:3   | Reached skill level 5 in Spellcasting
 28455 | Lair:3   | Reached skill level 11 in Stealth
 29183 | Lair:4   | Identified the +3 quarterstaff of Change {freeze, rElec rF+
                  | rC+ Dex+4}
 29560 | Lair:4   | Found a staircase to the Snake Pit.
 30091 | Lair:4   | Found a staircase to the Swamp.
 30976 | Lair:4   | Reached skill level 10 in Fighting
 30976 | Lair:4   | Reached XP level 14. HP: 66/66 MP: 23/23
 31181 | Lair:4   | Reached XP level 15. HP: 57/69 MP: 10/24
 31806 | Lair:5   | Reached skill level 12 in Stealth
 32092 | Lair:5   | Found a staircase to the Slime Pits.
 32690 | Lair:6   | Entered Level 6 of the Lair of Beasts
 34353 | Lair:6   | Found a basalt altar of Yredelemnul.
 35745 | Orc:1    | Entered Level 1 of the Orcish Mines
 35875 | Orc:2    | Entered Level 2 of the Orcish Mines
 37012 | Orc:1    | Reached skill level 10 in Invocations
 37378 | Orc:2    | Found a staircase to the Elven Halls.
 37969 | Orc:2    | Found Hupyudai's Book Boutique.
 38284 | Orc:1    | Learned a level 6 spell: Summon Cactus Giant
 38397 | Orc:2    | Found a staircase to the Elven Halls.
 40063 | Orc:2    | Found Salohuh's Book Boutique.
 40069 | Orc:2    | Found Jesy Gica's Magic Scroll Emporium.
 40071 | Orc:2    | Found Hupyudai's Book Boutique.
 40114 | Orc:2    | Found Onaigh's Distillery.
 40186 | Orc:2    | Bought a scroll of magic mapping for 42 gold pieces
 40186 | Orc:2    | Bought a scroll of silence for 90 gold pieces
 40186 | Orc:2    | Bought a scroll of fog for 24 gold pieces
 40186 | Orc:2    | Bought a scroll of immolation for 42 gold pieces
 40186 | Orc:2    | Bought a scroll of identify for 24 gold pieces
 40200 | Orc:2    | Bought a book of Power for 672 gold pieces
 40200 | Orc:2    | Bought the Catalogue of Transformation for 672 gold pieces
 40202 | Orc:2    | Bought a potion of might for 60 gold pieces
 40202 | Orc:2    | Bought a potion of might for 60 gold pieces
 40202 | Orc:2    | Bought a potion of heal wounds for 75 gold pieces
 40202 | Orc:2    | Bought a potion of berserk rage for 75 gold pieces
 40202 | Orc:2    | Bought a potion of curing for 45 gold pieces
 40304 | D:12     | Got the Handbook of Axaxaxas mlö
 40733 | D:12     | Reached skill level 5 in Ice Magic
 40743 | D:12     | HP: 3/71 [poisoned by a meliai]
 41084 | D:12     | Reached skill level 13 in Stealth
 41405 | D:13     | Noticed Erolcha
 41421 | D:13     | Killed Erolcha
 41435 | D:13     | Reached XP level 16. HP: 43/75 MP: 13/27
 41613 | D:13     | Found Soreo's Specific Store.
 41618 | D:13     | Found Pupherph's General Store.
 41781 | D:13     | Bought a scroll of amnesia for 42 gold pieces
 41781 | D:13     | Bought a scroll of teleportation for 36 gold pieces
 41787 | D:13     | Learned a level 4 spell: Iskenderun's Mystic Blast
 42659 | D:14     | Reached skill level 1 in Translocations
 42995 | D:13     | Elyvilon protects you from harm!
 42995 | D:13     | Elyvilon protects you from harm!
 42997 | D:13     | Killed from afar by a meliai
 42998 | D:13     | Reached XP level 15. HP: -9/85 MP: 24/31
 43038 | D:13     | Found Soreo's Specific Store.
 43042 | D:13     | Found Pupherph's General Store.
 43138 | D:13     | HP: 1/71 [meliai/divine providence (14)]
 44427 | D:14     | Identified the +2 ring mail "Haotutoi" {Str+3 Stlth+}
 45817 | D:14     | Found a gate to the Vaults.
 46266 | D:14     | Noticed a frost giant
 46781 | Snake:1  | Entered Level 1 of the Snake Pit
 47358 | Swamp:1  | Entered Level 1 of the Swamp
 48394 | D:15     | Entered Level 15 of the Dungeon
 48516 | D:14     | Noticed a frost giant
 49076 | D:15     | Noticed Kirke
 49085 | D:15     | Killed Kirke
 49451 | D:15     | Found a staircase to the Depths.
 49797 | D:15     | Elyvilon protects you from harm!
 49806 | D:15     | Identified the +7 broad axe of Offence {freeze, *Rage Drain
                  | rN+ Int+8}
 50697 | D:15     | Found a hide-covered altar of Uskayaw.
 51074 | Elf:1    | Entered Level 1 of the Elven Halls
 51093 | Elf:1    | Elyvilon protects you from harm!
 51131 | Orc:2    | Elyvilon protects you from harm!
 51367 | Elf:1    | Reached XP level 16. HP: 76/76 MP: 9/28
 51754 | Elf:1    | Reached skill level 14 in Stealth
 52890 | Elf:1    | Reached skill level 5 in Translocations
 55611 | Elf:2    | Found Geiloz's Magic Scroll Boutique.
 56103 | Elf:1    | Elyvilon protects you from harm!
 56751 | Lair:6   | Found a burning altar of Makhleb.
 56982 | Lair:6   | Found a gateway to Hell.
 57758 | Snake:1  | Reached skill level 5 in Conjurations
 57765 | Snake:1  | Reached skill level 5 in Evocations
 57859 | Snake:1  | Noticed Donald
 57876 | Snake:1  | Killed Donald
 59376 | Snake:1  | Found Rukhoas's Antique Weapon Boutique.
 60431 | Snake:1  | Elyvilon protects you from harm!
 60862 | Snake:2  | Reached XP level 17. HP: 47/79 MP: 6/30
 61092 | Snake:2  | Noticed MacCMillion's ghost (journeyman MiFi)
 61147 | Snake:2  | Found Tazup's Magic Scroll Emporium.
 61155 | Snake:2  | Bought a scroll of teleportation for 57 gold pieces
 61155 | Snake:2  | Bought a scroll of teleportation for 57 gold pieces
 61155 | Snake:2  | Bought a scroll of blinking for 142 gold pieces
 61155 | Snake:2  | Bought a scroll of fear for 66 gold pieces
 61641 | Snake:2  | Found a transporter.
 61656 | Snake:2  | Found a transporter.
 61660 | Snake:2  | Found a bloodstained altar of Trog.
 64351 | D:8      | Killed Gastronok
 64837 | D:4      | Killed stansietse's ghost
 65151 | D:10     | Reached skill level 15 in Summonings
 65159 | D:10     | Reached skill level 15 in Stealth
 65165 | D:10     | Noticed a golden dragon
 65169 | D:10     | a golden dragon changed into an iron dragon
 65196 | D:10     | Noticed an acid blob
 65199 | D:10     | Noticed a caustic shrike
 65199 | D:10     | an acid blob changed into a caustic shrike
 65203 | D:10     | Noticed an iron giant
 65203 | D:10     | a caustic shrike changed into an iron giant
 65205 | D:10     | Noticed a golden dragon
 65205 | D:10     | an iron giant changed into a golden dragon
 65211 | D:10     | Noticed a caustic shrike
 65211 | D:10     | a golden dragon changed into a caustic shrike
 65423 | D:10     | Found Wogg's Weapon Emporium.
 65911 | D:10     | Identified the amulet "Ojoxtela" {rElec Regen+ Dex-4 SInv}
 65916 | D:10     | Identified the ring "Vodosodo" {rElec rPois Will- Dex+4
                  | SInv}
 66564 | Snake:3  | Learned a level 4 spell: Ice Form
 66896 | Snake:3  | Reached skill level 1 in Transmutations
 67068 | Snake:3  | Found Kuriedukk's Antique Armour Emporium.
 67073 | Snake:3  | Found Etzuleoj's Jewellery Emporium.
 67120 | Snake:3  | Found Cihonn's Antique Weapon Emporium.
 67275 | Snake:4  | Entered Level 4 of the Snake Pit
 67569 | Snake:3  | Found Cihonn's Antique Weapon Emporium.
 70335 | Snake:3  | Found Etzuleoj's Jewellery Emporium.
 70341 | Snake:3  | Found Kuriedukk's Antique Armour Emporium.
 71233 | Swamp:1  | Reached XP level 18. HP: 72/85 MP: 22/31
 71540 | Swamp:2  | Found a transporter.
 71557 | Swamp:2  | Found a transporter.
 71557 | Swamp:2  | Noticed a tentacled monstrosity
 71558 | Swamp:2  | Noticed Vudadgh's ghost (adept HuWr)
 72409 | Swamp:2  | Elyvilon protects you from harm!
 73176 | Swamp:3  | Elyvilon protects you from harm!
 73555 | Swamp:3  | Noticed a tentacled monstrosity
 73628 | Swamp:2  | Killed a tentacled monstrosity
 74017 | Swamp:3  | Reached skill level 5 in Transmutations
 74598 | Swamp:3  | Noticed Nikola
 74628 | Swamp:3  | Killed Nikola
 75259 | Swamp:4  | Entered Level 4 of the Swamp
 75712 | Swamp:4  | Noticed Roxanne
 75813 | Swamp:4  | Learned a level 3 spell: Teleport Other
 76278 | Swamp:4  | Killed Roxanne
 76903 | Snake:3  | Found Etzuleoj's Jewellery Emporium.
 76910 | Snake:3  | Found Kuriedukk's Antique Armour Emporium.
 77062 | Snake:3  | Found Cihonn's Antique Weapon Emporium.
 78343 | Snake:3  | HP: 3/85 [poisoned by a naga ritualist (toxic radiance)]
 78989 | Snake:4  | Reached skill level 16 in Stealth
 81305 | Snake:4  | Reached skill level 1 in Earth Magic
 81509 | Snake:4  | Reached skill level 15 in Dodging
 82631 | Snake:4  | Found Rirphuose's Antique Armour Shoppe.
 82637 | Snake:4  | Found Nigi Sisu's Antique Weapon Emporium.
 82905 | Snake:4  | Found Nigi Sisu's Antique Weapon Emporium.
 82911 | Snake:4  | Found Rirphuose's Antique Armour Shoppe.
 83855 | Snake:4  | Noticed Vashnia
 84161 | Orc:2    | Bought a scroll of fog for 24 gold pieces
 84381 | Elf:2    | Reached XP level 19. HP: 71/89 MP: 18/33
 84400 | Elf:2    | Reached skill level 10 in Translocations
 85220 | Elf:2    | Reached skill level 10 in Unarmed Combat
 85614 | Elf:2    | Found a runed translucent gate.
 85615 | Elf:2    | Found a runed translucent gate.
 85615 | Elf:2    | Found a runed translucent gate.
 85621 | Elf:2    | Noticed Agnes
 85677 | Elf:3    | Entered Level 3 of the Elven Halls
 85705 | Elf:3    | Found a frozen archway.
 85714 | IceCv    | Entered an ice cave
 86842 | Snake:4  | Found Nigi Sisu's Antique Weapon Emporium.
 86842 | Snake:4  | Found Rirphuose's Antique Armour Shoppe.
 87236 | Snake:4  | Killed Vashnia
 87428 | Snake:4  | Found Rirphuose's Antique Armour Shoppe.
 87437 | Snake:4  | Found Nigi Sisu's Antique Weapon Emporium.
 87704 | Snake:4  | Got a serpentine rune of Zot
 88041 | Vaults:1 | Entered Level 1 of the Vaults
 88335 | Vaults:1 | Reached XP level 20. HP: 93/93 MP: 34/34
 89362 | Vaults:1 | Identified the +5 arbalest "Yfuog" {speed, Contam Will+
                  | rCorr Int+5}
 90164 | Vaults:1 | Reached skill level 15 in Hexes
 92550 | Vaults:2 | Reached skill level 10 in Transmutations
 92865 | Vaults:2 | Noticed Mara
 92871 | Vaults:2 | Noticed 4FPSwarrior's illusion
 93418 | Elf:3    | Killed from afar by a deep elf knight
 93419 | Elf:3    | Reached XP level 19. HP: -18/90 MP: 22/33
 94633 | Vaults:2 | Reached skill level 17 in Stealth
 95421 | Vaults:1 | Reached XP level 20. HP: 43/94 MP: 10/34
 96125 | Vaults:2 | Elyvilon protects you from harm!
 96386 | Vaults:2 | Killed Mara
 96444 | Vaults:2 | Reached skill level 10 in Spellcasting
 96444 | Vaults:2 | Reached skill level 5 in Earth Magic
 97169 | Swamp:4  | Noticed a bone dragon
 97568 | Swamp:4  | Got a decaying rune of Zot
 98517 | Vaults:2 | Elyvilon protects you from harm!
 99908 | Vaults:2 | HP: 3/94 [dire elephant (35)]
100266 | Vaults:2 | HP: 4/94 [centaur warrior/arrow (13)]
101811 | Vaults:3 | Found a staircase to the Crypt.
102255 | Vaults:3 | HP: 2/94 [vault warden (31)]
102830 | Vaults:3 | HP: 1/95 [vault warden (41)]
102830 | Vaults:3 | Shot with a bolt by a yaktaur
102831 | Vaults:3 | Reached XP level 19. HP: -11/91 MP: 34/34
102831 | Vaults:3 | Quit the game

Illustrated notes

Levels and vault maps discovered:
D:1:      dpeg_arrival_pond, layout_loops_ring, minmay_large_rounded_square,
          minmay_pentomino_z4
D:2:      layout_loops_cross, basic_ecumenical_altar, uniq_sigmund,
          uniq_terence, uniq_crazy_yiuf_cottage
D:3:      minmay_general_purpose_star, layout_loops_ring,
          amcnicky_mini_rare_corridor_liquid
D:4:      layout_gridville, minmay_temple_entry_mist, gup_sewer_entry_pipe,
          ebering_ghost_disaster_area
D:5:      layout_cave_pools, serial_shops, nicolae_shop_waterfront
D:6:      layout_loops_corners, lemuel_crystal_altar, kennysheep_generic_room_10
D:7:      layout_layer_cave, serial_shops, shop, fountainhead,
          minmay_stone_trees_medium, mumra_transporter_accident
D:8:      layout_rooms, fountainhead, uniq_gastronok
D:9:      layout_cave_pods, dpeg_oklobed_lair, uniq_psyche
D:10:     minmay_gate_of_8, layout_irregular_city, serial_shops,
          kennysheep_mini, minmay_ruffians, uniq_urug
D:11:     layout_cave_pools, orc_0_dummy, abandoned_shop,
          hellmonk_guarded_unrand_zhor
D:12:     minmay_goldmine, layout_loops_ring, minmay_crystal_water,
          bh_hangedman_babel_library
D:13:     layout_loops_ring, small_statue_alley_a, nicolae_specific_store,
          lemuel_flamethrower_2, uniq_erolcha
D:14:     minmay_tearing_corner, layout_irregular_city,
          hangedman_vaults_entry_quadrant_bands, serial_bayou_lagoon_b
D:15:     gammafunk_depths_entry_grave, layout_cave_pods, serial_bayou_lagoon_a,
          minmay_misc_feat_rows, nicolae_uskayaw_en_pointe, uniq_kirke
Temple:   mainiacjoe_temple_circle_huts
Lair:1:   layout_chaotic_city, serial_bayou, serial_bayou_pond_b,
          serial_bayou_shore_b, serial_bayou_pond_c, serial_bayou_pond_d,
          chequers_serial_rivers_micro_d
Lair:2:   layout_small_grid, nicolae_lair_lakeside_cave, serial_bayou_shore_b,
          grunt_megastairs_5, uniq_fannar
Lair:3:   layout_chaotic_city, basic_altar, nicolae_quartered_pool_super,
          chequers_serial_rivers_small_3, hangedman_lair_generics_rect
Lair:4:   layout_roguey, skrybe_swamp_entry_bodies,
          minmay_snake_entry_six_corridors, minivault_24
Lair:5:   layout_cave_shapes, nicolae_slime_entry_slimehenge
Lair:6:   evil_forest, layout_loops_ring, lemuel_centaur_altar
Swamp:1:  layout_falls_marsh, evilmike_swamp_ruin_house_3, swamp_pool2,
          nicolae_swamp_drake_lake
Swamp:2:  layout_falls_marsh, gammafunk_ghost_arena, evilmike_swamp_ruin_house_5
Swamp:3:  layout_falls_marsh, evilmike_swamp_ruin_rubble_2, uniq_nikola
Swamp:4:  swamp_pestilence, layout_basic_swamp, infiniplex_staircase_pool_2,
          uniq_roxanne
Snake:1:  layout_gridlike, serial_shops, shop, drop_trap, guppyfry_snake_island,
          uniq_donald
Snake:2:  layout_basic, gammafunk_ghost_wrathful_warriors, serial_shops, shop
Snake:3:  layout_rooms, serial_shops, shop, serial_bayou_shore_b,
          minmay_shop_star
Snake:4:  grunt_snake_rune_serpentine_throne, layout_onion_interference,
          special_room, nicolae_snake_salamander_fort, minmay_shoptagon
Orc:1:    layout_caves, nicolae_orc_crystal_geode
Orc:2:    st_orc_elflike, layout_diamond_mine, basic_altar
Elf:1:    minmay_elf_arrival_summoners, layout_loops_ring,
          minmay_elf_crystal_heptagon
Elf:2:    nicolae_elf_blades_crystal_corner, layout_loops_cross, serial_shops,
          nicolae_shop_advertising_works [nicolae_subvault_shop_adworks],
          uniq_agnes
Elf:3:    minmay_elf_hall_quartered_circle, layout_onion_city,
          portal_ice_cave_entry_pillars_1, grunt_ministairs_13,
          elf_orc_summit_meeting
Vaults:1: v_misc_23, nicolae_vaults_network_s, ontoclasm_vaults_loading_screen,
          nicolae_vaults_yaktaur_gun_rack, hangedman_vaults_impose,
          vaults_room_pools, vaults_room_boxed,
          vaults_standard_mumra_enter_the_diamond,
          nicolae_vaults_network_periphery, layout_vaults_maze_snakey
Vaults:2: mu_enter_wizlab_1, v_rooms_4, v_alt_pattern_4, v_alt_pattern_4,
          v_misc_1, v_rooms_3, grunt_vaults_hallway_short, v_misc_24,
          v_pattern_3, v_rooms_1, hangedman_vaults_nodes,
          layout_vaults_omnicross, uniq_mara
Vaults:3: advil_vaults_ghost_guards, minmay_crypt_entry_simple_statues,
          vaults_mumra_hex, vaults_room_grid, nicolae_vaults_rhombus_6,
          ontoclasm_vaults_claustrophobia, hangedman_vaults_pinch, v_misc_23,
          special_room_vaults [special_room_orc],
          nicolae_vaults_little_squares_2, v_misc_19, hangedman_vaults_slice,
          vaults_room_door_ring, vaults_dpeg_encased_lava,
          layout_vaults_omnibox, serial_shops, shop

Skill      XL: |  1  2  3  4  5  6  7  8  9 10 11 12 13 14 15 16 17 18 19 20 |
---------------+-------------------------------------------------------------+-----
Unarmed Combat | 1 2 3 4 5 6 8 9 10 | 10.7
Fighting       | 1 2 3 4 5 6 7 10 11 12 13 14 | 14.1
Hexes          | 1 2 3 4 5 7 8 9 10 11 12 13 14 15 | 15.0
Summonings     | 5 6 7 8 9 10 11 12 14 15 16 | 16.1
Spellcasting   | 3 4 5 7 8 9 10 | 10.4
Dodging        | 3 5 6 7 8 9 10 13 14 15 16 | 16.5
Stealth        | 3 5 6 8 9 10 11 13 14 15 16 17 | 17.8
Evocations     | 1 3 4 5 6 |  6.1
Invocations    | 1 4 5 7 8 9 10 11 12 13 | 13.6
Air Magic      | 2 3 4 |  4.0
Conjurations   | 2 3 4 5 6 7 |  7.0
Ice Magic      | 3 5 |  5.0
Translocations | 4 7 8 9 10 | 10.7
Transmutations | 3 6 9 12 | 12.0
Earth Magic    | 1 4 6 |  6.7

Action                   |  1- 3 |  4- 6 |  7- 9 | 10-12 | 13-15 | 16-18 | 19-21 || total
-------------------------+-------+-------+-------+-------+-------+-------+-------++-------
Melee: Unarmed           |    50 |    52 |   109 |   216 |   759 |   590 |   406 ||  2182
       Bite              |     8 |     7 |    17 |    27 |   118 |    99 |    75 ||   351
       Punch             |       |       |     5 |     8 |    45 |    40 |    38 ||   136
 Cast: Summon Small Mamm |    34 |    22 |    11 |       |     1 |       |       ||    68
       Call Imp          |    16 |    31 |       |       |       |       |       ||    47
       Call Canine Famil |       |     3 |    36 |    58 |    97 |   165 |    77 ||   436
       Summon Guardian G |       |       |    35 |    89 |    97 |    72 |    61 ||   354
       Dazzling Flash    |       |       |       |    29 |   120 |    61 |    71 ||   281
       Summon Lightning  |       |       |       |     1 |    40 |    26 |   105 ||   172
       Summon Cactus Gia |       |       |       |       |    70 |   216 |   134 ||   420
       Summon Ice Beast  |       |       |       |       |    19 |    68 |    20 ||   107
       Iskenderun's Myst |       |       |       |       |       |     1 |     4 ||     5
       Teleport Other    |       |       |       |       |       |     6 |     2 ||     8
Invok: Heal Self         |       |       |       |     2 |     6 |    17 |    17 ||    42
       Heal Other        |       |       |       |       |     8 |     7 |     2 ||    17
       Divine Vigour     |       |       |       |       |     1 |     3 |     1 ||     5
       Purification      |       |       |       |       |       |     1 |       ||     1
Evoke: Wand              |       |       |       |    11 |     6 |    38 |    31 ||    86
       Lightning rod     |       |       |       |     1 |     7 |    11 |     7 ||    26
       Box of beasts     |       |       |       |     1 |     2 |     6 |     4 ||    13
       Phial of floods   |       |       |       |       |       |     2 |     3 ||     5
  Use: Scroll            |     2 |       |     6 |     9 |    13 |    15 |    17 ||    62
       Potion            |       |       |     2 |     2 |     9 |    10 |     8 ||    31
 Stab: Sleeping          |     3 |     4 |    10 |    31 |    31 |    29 |    26 ||   134
       Invisible         |       |       |       |    12 |    35 |    27 |    30 ||   104
       Distracted        |       |       |       |     1 |    16 |    15 |    12 ||    44
       Paralysed         |       |       |       |       |       |       |     1 ||     1
Armor: Skin              |     5 |     6 |    10 |     4 |    78 |    66 |    56 ||   225
Dodge: Dodged            |    64 |    53 |   129 |   290 |   955 |  1082 |   666 ||  3239
Block: Other             |       |       |       |       |   110 |   167 |    69 ||   346
       Reflection        |       |       |       |       |     4 |    29 |    14 ||    47
